Workbook

Sheet Table of Conte
A1: Online Appendix to Foellmi / Martínez
A2: Table of contents
A3: C | B3: Additional Figures (pdf.)
A4: D | B4: Technical Notes on the Construction of Top Income Data Series (pdf.)
A5: E | B5: Robustness of the Estimation Results (pdf.)
A6: F.1 | B6: Two-Year Averages of Top Income Shares
A7: F.2 | B7: Household Wealth SNB
A8: F.3 | B8: Onshore and Offshore Portfolio Wealth by Swiss Residents
A9: F.4 | B9: Fiduciary Deposits of Swiss Residents
A10: F.5 | B10: Correlations of GDP and Stockmarket with Top Incomes
A11: F.6 | B11: Share of Expenditure-based Tax Units and Special Cases
A12: F.7 | B12: Estimation of Swiss Top Income Shares Using OLS Regressions

Sheet F.1 Bi-annual vs. Annual
A1: F.1: Two-Year Averages of Top Income Shares - Comparison of Annual bs. Bi-Annual Average for the Canton of Zurich
B2: Top groups shares: Bi-annual average | H2: Top groups shares: Annual
B3: Top 10% | C3: Top 5% | D3: Top 1% | E3: Top 0.5% | F3: Top 0.1% | G3: Top 0.01% | H3: Top 10% | I3: Top 5% | J3: Top 1% | K3: Top 0.5% | L3: Top 0.1% | M3: Top 0.01%
A4: year | B4: P90d | C4: P95d | D4: P99d | E4: P995d | F4: P999d | G4: P9999d | H4: P90d | I4: P95d | J4: P99d | K4: P995d | L4: P999d | M4: P9999d
A5: 2001 | H5: 0.3414656 | I5: 0.2386655 | J5: 0.1099755 | K5: 0.0798368 | L5: 0.0381044 | M5: 0.0129346
B6: 0.3331124 | C6: 0.230858 | D6: 0.1042962 | E6: 0.0751317 | F6: 0.0352898 | G6: 0.0121956
A7: 2002 | H7: 0.3349572 | I7: 0.2315407 | J7: 0.104149 | K7: 0.0749244 | L7: 0.0353551 | M7: 0.0124888
A9: 2003 | H9: 0.3327111 | I9: 0.2291666 | J9: 0.1025597 | K9: 0.0739552 | L9: 0.0355685 | M9: 0.0133256
B10: 0.3295505 | C10: 0.2263635 | D10: 0.0999668 | E10: 0.0715437 | F10: 0.0333821 | G10: 0.0118311
A11: 2004 | H11: 0.3361738 | I11: 0.2315664 | J11: 0.1025522 | K11: 0.0732482 | L11: 0.0336768 | M11: 0.0116876
A13: 2005 | H13: 0.3454973 | I13: 0.2407461 | J13: 0.1107546 | K13: 0.080853 | L13: 0.0401269 | M13: 0.0155424
B14: 0.3434496 | C14: 0.2393826 | D14: 0.1098498 | E14: 0.0799531 | F14: 0.039082 | G14: 0.0148101
A15: 2006 | H15: 0.3510492 | I15: 0.2460726 | J15: 0.1145418 | K15: 0.0834768 | L15: 0.0410633 | M15: 0.0157618
A17: 2007 | H17: 0.3598272 | I17: 0.2543425 | J17: 0.1199257 | K17: 0.0875473 | L17: 0.0429108 | M17: 0.0163094
B18: 0.3552987 | C18: 0.2499807 | D18: 0.1157589 | E18: 0.0839124 | F18: 0.0404699 | G18: 0.0154313
A19: 2008 | H19: 0.3610551 | I19: 0.2545973 | J19: 0.1180512 | K19: 0.0855602 | L19: 0.040679 | M19: 0.0156398
A21: 2009 | H21: 0.3511336 | I21: 0.2434966 | J21: 0.1086449 | K21: 0.0777017 | L21: 0.0361313 | M21: 0.0123579
B22: 0.3485832 | C22: 0.241458 | D22: 0.1072852 | E22: 0.0764169 | F22: 0.0351653 | G22: 0.0117612
A23: 2010 | H23: 0.3567061 | I23: 0.2485454 | J23: 0.1120091 | K23: 0.0803054 | L23: 0.037372 | M23: 0.0126543
A25: Source: Individual tax data for the canton of Zurich

Sheet F.2 Household Wealth SNB
A1: F.2: Household Wealth SNB - Total wealth based on bank statistics versus taxable wealth
A2: This table compares total wealth calculated by the SNB, based inter alia on the account statistics of banks with taxable wealth
A3: Columns M and O are total wealth computed out of bank statistics and tax statistics, respectively. Column P denotes their ratio.
M4: Total Wealth | O4: Taxable Wealth
P5: Ratio Tax Wealth / Net wealth w. pension
B6: Financial assets | I6: Real estate* | J6: Total | K6: Wealth without pensions | L6: Liabilities | N6: Net wealth without pension
C7: Currency and deposits | D7: Debt securities | E7: Shares | F7: Units in collective investment schemes | G7: Structured products | H7: Insurance and pension schemes | K7: Real estate at 80% | N7: Real estate at 80% | Q7: Share offshore in net wealth
A9: 36525 | B9: 1557540 | C9: 394671 | D9: 165929 | E9: 285741 | F9: 119486 | G9: M | H9: 591713 | I9: M | J9: M | L9: 466937
A10: 36891 | B10: 1600823 | C10: 384499 | D10: 161618 | E10: 297541 | F10: 139683 | G10: M | H10: 617482 | I10: 958975 | J10: 2559798 | K10: =SUM(C10:G10)+0.8*I10 -> 1750521 | L10: 479401 | M10: =J10-L10 -> 2080397 | N10: =K10-L10 -> 1271120 | Q10: ='F.3 Offshore and Onshore Wealth'!B6/M10 -> 0.35150933
A11: 37256 | B11: 1564458 | C11: 390183 | D11: 158656 | E11: 239342 | F11: 138196 | G11: M | H11: 638081 | I11: 951218 | J11: 2515676 | K11: =SUM(C11:G11)+0.8*I11 -> 1687351.4 | L11: 491989 | M11: =J11-L11 -> 2023687 | N11: =K11-L11 -> 1195362.4 | Q11: ='F.3 Offshore and Onshore Wealth'!B7/M11 -> 0.34299745
A12: 37621 | B12: 1511691 | C12: 401823 | D12: 154922 | E12: 173912 | F12: 122116 | G12: M | H12: 658918 | I12: 971510 | J12: 2483201 | K12: =SUM(C12:G12)+0.8*I12 -> 1629981 | L12: 507872 | M12: =J12-L12 -> 1975329 | N12: =K12-L12 -> 1122109 | Q12: ='F.3 Offshore and Onshore Wealth'!B8/M12 -> 0.30800533
A13: 37986 | B13: 1594563 | C13: 432544 | D13: 144563 | E13: 205709 | F13: 136366 | G13: M | H13: 675381 | I13: 980213 | J13: 2574776 | K13: =SUM(C13:G13)+0.8*I13 -> 1703352.4 | L13: 536383 | M13: =J13-L13 -> 2038393 | N13: =K13-L13 -> 1166969.4 | O13: 1019399.6 | P13: =O13/N13 -> 0.87354439 | Q13: ='F.3 Offshore and Onshore Wealth'!B9/M13 -> 0.33644352
A14: 38352 | B14: 1644651 | C14: 446687 | D14: 138890 | E14: 209372 | F14: 158995 | G14: M | H14: 690707 | I14: 1023532 | J14: 2668183 | K14: =SUM(C14:G14)+0.8*I14 -> 1772769.6 | L14: 552478 | M14: =J14-L14 -> 2115705 | N14: =K14-L14 -> 1220291.6 | O14: 1078583 | P14: =O14/N14 -> 0.88387317 | Q14: ='F.3 Offshore and Onshore Wealth'!B10/M14 -> 0.34061951
A15: 38717 | B15: 1766492 | C15: 477579 | D15: 116241 | E15: 235728 | F15: 184140 | G15: 30343 | H15: 722461 | I15: 1088216 | J15: 2854708 | K15: =SUM(C15:G15)+0.8*I15 -> 1914603.8 | L15: 580170 | M15: =J15-L15 -> 2274538 | N15: =K15-L15 -> 1334433.8 | O15: 1164528.3 | P15: =O15/N15 -> 0.87267594 | Q15: ='F.3 Offshore and Onshore Wealth'!B11/M15 -> 0.38093205
A16: 39082 | B16: 1892852 | C16: 506875 | D16: 122715 | E16: 261896 | F16: 210000 | G16: 42932 | H16: 748434 | I16: 1158274 | J16: 3051126 | K16: =SUM(C16:G16)+0.8*I16 -> 2071037.2 | L16: 605475 | M16: =J16-L16 -> 2445651 | N16: =K16-L16 -> 1465562.2 | O16: 1248121 | P16: =O16/N16 -> 0.85163293 | Q16: ='F.3 Offshore and Onshore Wealth'!B12/M16 -> 0.39959698
A17: 39447 | B17: 1960448 | C17: 526122 | D17: 132969 | E17: 253060 | F17: 224645 | G17: 51155 | H17: 772497 | I17: 1252675 | J17: 3213123 | K17: =SUM(C17:G17)+0.8*I17 -> 2190091 | L17: 618946 | M17: =J17-L17 -> 2594177 | N17: =K17-L17 -> 1571145 | O17: 1348156.7 | P17: =O17/N17 -> 0.85807277 | Q17: ='F.3 Offshore and Onshore Wealth'!B13/M17 -> 0.41763863
A18: 39813 | B18: 1818199 | C18: 522952 | D18: 143169 | E18: 168914 | F18: 161546 | G18: 28098 | H18: 793520 | I18: 1325529 | J18: 3143728 | K18: =SUM(C18:G18)+0.8*I18 -> 2085102.2 | L18: 631462 | M18: =J18-L18 -> 2512266 | N18: =K18-L18 -> 1453640.2 | O18: 1279014.9 | P18: =O18/N18 -> 0.87987033 | Q18: ='F.3 Offshore and Onshore Wealth'!B14/M18 -> 0.32087754
A19: 40178 | B19: 1933587 | C19: 549569 | D19: 147553 | E19: 211740 | F19: 180425 | G19: 28872 | H19: 815428 | I19: 1368533 | J19: 3302120 | K19: =SUM(C19:G19)+0.8*I19 -> 2212985.4 | L19: 654154 | M19: =J19-L19 -> 2647966 | N19: =K19-L19 -> 1558831.4 | O19: 1386780.8 | P19: =O19/N19 -> 0.88962845 | Q19: ='F.3 Offshore and Onshore Wealth'!B15/M19 -> 0.35490746
A20: 40543 | B20: 1972444 | C20: 585915 | D20: 127276 | E20: 214815 | F20: 182286 | G20: 28042 | H20: 834110 | I20: 1424213 | J20: 3396657 | K20: =SUM(C20:G20)+0.8*I20 -> 2277704.4 | L20: 683713 | M20: =J20-L20 -> 2712944 | N20: =K20-L20 -> 1593991.4 | O20: 1433902.7 | P20: =O20/N20 -> 0.89956741 | Q20: ='F.3 Offshore and Onshore Wealth'!B16/M20 -> 0.33575592
A21: 40908 | B21: 2010606 | C21: 628473 | D21: 118835 | E21: 213922 | F21: 166999 | G21: 24342 | H21: 858035 | I21: 1556845 | J21: 3567451 | K21: =SUM(C21:G21)+0.8*I21 -> 2398047 | L21: 712852 | M21: =J21-L21 -> 2854599 | N21: =K21-L21 -> 1685195 | O21: 1474955.9 | P21: =O21/N21 -> 0.87524346 | Q21: ='F.3 Offshore and Onshore Wealth'!B17/M21 -> 0.31101018
A22: 41274 | B22: 2107858 | C22: 671532 | D22: 115884 | E22: 226647 | F22: 179860 | G22: 23712 | H22: 890223 | I22: 1662210 | J22: 3770068 | K22: =SUM(C22:G22)+0.8*I22 -> 2547403 | L22: 740846 | M22: =J22-L22 -> 3029222 | N22: =K22-L22 -> 1806557 | Q22: ='F.3 Offshore and Onshore Wealth'!B18/M22 -> 0.31385957
A23: 41639 | B23: 2212840 | C23: 706204 | D23: 102825 | E23: 266781 | F23: 194004 | G23: 23655 | H23: 919371 | I23: 1738890 | J23: 3951730 | K23: =SUM(C23:G23)+0.8*I23 -> 2684581 | L23: 765603 | M23: =J23-L23 -> 3186127 | N23: =K23-L23 -> 1918978 | Q23: ='F.3 Offshore and Onshore Wealth'!B19/M23 -> 0.31124132
A24: in Millions of Swiss Francs
A26: M (missing values) | T26: *ca. 35% des Pensionskassenvermögens im Ausland angelegt
A27: *Real estate without real estate used for business reasons
A28: Sources: Swiss National Bank, Household Wealth 2013; Tax Statistics ESTV

Sheet F.3 Offshore and Onshore Wealth
A1: F.3: Onshore and Offshore Portfolio Wealth by Swiss Residents
A3: Year | B3: Offshore Portfolio Wealth | C3: Domestic Wealth | E3: Onshore Wealth | G3: Share Offshore in Portfolio Wealth
A5: 36525 | B5: 712101.96 | E5: 813127.44 | G5: =B5/(E5+B5) -> 0.46688187
A6: 36891 | B6: 731278.95 | C6: ='F.2 Household Wealth SNB'!M10-B6 -> 1349118.1 | E6: 878475.76 | G6: =B6/(E6+B6) -> 0.45427974
A7: 37256 | B7: 694119.49 | C7: ='F.2 Household Wealth SNB'!M11-B7 -> 1329567.5 | E7: 742637.6 | G7: =B7/(E7+B7) -> 0.48311541
A8: 37621 | B8: 608411.86 | C8: ='F.2 Household Wealth SNB'!M12-B8 -> 1366917.1 | E8: 617366.08 | G8: =B8/(E8+B8) -> 0.49634754
A9: 37986 | B9: 685804.12 | C9: ='F.2 Household Wealth SNB'!M13-B9 -> 1352588.9 | E9: 675776.04 | G9: =B9/(E9+B9) -> 0.50368251
A10: 38352 | B10: 720650.41 | C10: ='F.2 Household Wealth SNB'!M14-B10 -> 1395054.6 | E10: 757593.87 | G10: =B10/(E10+B10) -> 0.48750428
A11: 38717 | B11: 866444.41 | C11: ='F.2 Household Wealth SNB'!M15-B11 -> 1408093.6 | E11: 910558.77 | G11: =B11/(E11+B11) -> 0.48758743
A12: 39082 | B12: 977274.75 | C12: ='F.2 Household Wealth SNB'!M16-B12 -> 1468376.2 | E12: 1015590.6 | G12: =B12/(E12+B12) -> 0.49038675
A13: 39447 | B13: 1083428.5 | C13: ='F.2 Household Wealth SNB'!M17-B13 -> 1510748.5 | E13: 1079984.7 | G13: =B13/(E13+B13) -> 0.50079593
A14: 39813 | B14: 806129.73 | C14: ='F.2 Household Wealth SNB'!M18-B14 -> 1706136.3 | E14: 850942.4 | G14: =B14/(E14+B14) -> 0.48647836
A15: 40178 | B15: 939782.9 | C15: ='F.2 Household Wealth SNB'!M19-B15 -> 1708183.1 | E15: 1007418 | G15: =B15/(E15+B15) -> 0.48263274
A16: 40543 | B16: 910887.01 | C16: ='F.2 Household Wealth SNB'!M20-B16 -> 1802057 | E16: 1085073.2 | G16: =B16/(E16+B16) -> 0.45636531
A17: 40908 | B17: 887809.36 | C17: ='F.2 Household Wealth SNB'!M21-B17 -> 1966789.6 | E17: 1062501.9 | G17: =B17/(E17+B17) -> 0.45521419
... A19: 41639 | B19: 991654.36 | C19: ='F.2 Household Wealth SNB'!M23-B19 -> 2194472.6 | E19: 1337406.8 | G19: =B19/(E19+B19) -> 0.42577429
A20: 42004 | B20: 1076338.4 | E20: 1487747.9 | G20: =B20/(E20+B20) -> 0.41977465
A21: in Millions of Swiss Francs
A22: Domestic Wealth is the difference between total wealth (from Household Wealth SNB) minus offshore portfolio wealth
A23: Source: Swiss National Bank, Monthly Statistical Bulletin Series D51a

Sheet F.4 Fiduciary Deposits
A1: F.4: Fiduciary Deposits of Swiss Residents
B2: Fiduciary assets | I2: Fiducary liabilities
B3: CHF | C3: USD | D3: EUR | E3: Other currencies | F3: Precious metals | G3: Total | I3: CHF | J3: USD | K3: EUR | L3: Other currencies | M3: Precious metals | N3: Total
A5: 36160 | B5: 15451.034 | C5: 23958.468 | D5: 7058.133 | E5: 12433.333 | F5: 115.365 | G5: 59016.331 | I5: 2052.279 | J5: 183.702 | K5: 53.825 | L5: 263.212 | M5: 1.437 | N5: 2554.455
A6: 36525 | B6: 15208.756 | C6: 25822.01 | D6: 17278.615 | E6: 4705.558 | F6: 118.714 | G6: 63133.654 | I6: 2314.645 | J6: 941.889 | K6: 456.985 | L6: 126.4 | M6: 79.65 | N6: 3919.57
A7: 36891 | B7: 21661.435 | C7: 26914.657 | D7: 22048.065 | E7: 4741.735 | F7: 109.405 | G7: 75475.295 | I7: 1858.533 | J7: 1038.531 | K7: 225.293 | L7: 76.228 | M7: 67.394 | N7: 3265.979
A8: 37256 | B8: 24013.495 | C8: 21406.577 | D8: 19692.147 | E8: 4021.539 | F8: 112.933 | G8: 69246.688 | I8: 1813.461 | J8: 315.989 | K8: 338.362 | L8: 58.032 | M8: 70.055 | N8: 2595.899
A9: 37621 | B9: 16523.639 | C9: 15491.864 | D9: 18291.946 | E9: 3844.558 | F9: 4.2 | G9: 54156.208 | I9: 1642.589 | J9: 221.753 | K9: 195.761 | L9: 23.674 | M9: 58.6 | N9: 2142.377
A10: 37986 | B10: 8827.489 | C10: 15644.792 | D10: 20355.835 | E10: 4199.062 | F10: 2.378 | G10: 49029.558 | I10: 1318.29 | J10: 641.174 | K10: 805.277 | L10: 109.206 | M10: 62.8 | N10: 2936.748
A11: 38352 | B11: 10581.298 | C11: 14758.472 | D11: 19112.49 | E11: 4617.123 | F11: 0.556 | G11: 49069.94 | I11: 1828.269 | J11: 234.755 | K11: 281.933 | L11: 40.868 | M11: 56.384 | N11: 2442.208
A12: 38717 | B12: 14301.362 | C12: 18710.655 | D12: 20995.676 | E12: 6356.343 | F12: Z | G12: 60364.035 | I12: 1784.389 | J12: 284.129 | K12: 252.809 | L12: 137.196 | M12: 76.831 | N12: 2535.353
A13: 39082 | B13: 18719.315 | C13: 19933.662 | D13: 26836.63 | E13: 8060.173 | F13: 5.751 | G13: 73555.529 | I13: 1688.238 | J13: 794.724 | K13: 1119.386 | L13: 84.343 | M13: 72.135 | N13: 3758.826
A14: 39447 | B14: 21207.823 | C14: 21527.629 | D14: 29768.34 | E14: 8918.836 | F14: 5.819 | G14: 81428.45 | I14: 1836.132 | J14: 998.498 | K14: 426.548 | L14: 100.809 | M14: 120.767 | N14: 3482.754
A15: 39813 | B15: 17469.645 | C15: 15929.784 | D15: 27587.248 | E15: 6263.487 | F15: 8.787 | G15: 67258.95 | I15: 1446.813 | J15: 663.664 | K15: 646.777 | L15: 131.083 | M15: Z | N15: 2888.336
A16: 40178 | B16: 14327.966 | C16: 11095.174 | D16: 16588.049 | E16: 4839.794 | F16: 3.919 | G16: 46854.901 | I16: 2476.042 | J16: 911.191 | K16: 481.257 | L16: 247.231 | M16: 6.104 | N16: 4121.825
A17: 40543 | B17: 8428.468 | C17: 9180.275 | D17: 11103.474 | E17: 7183.841 | F17: 0.132 | G17: 35896.188 | I17: 2338.867 | J17: 779.013 | K17: 497.378 | L17: 165.295 | M17: Z | N17: 3780.554
A18: 40908 | B18: 6211.753 | C18: 8604.025 | D18: 11273.461 | E18: 5491.961 | F18: 22.172 | G18: 31603.371 | I18: 2507.874 | J18: 777.251 | K18: 1671.791 | L18: 215.645 | M18: 17.491 | N18: 5190.053
A19: 41274 | B19: 4566.901 | C19: 8337.124 | D19: 5851.123 | E19: 6057.9 | F19: 15.03 | G19: 24828.079 | I19: 2565.702 | J19: 1344.159 | K19: 1600.636 | L19: 302.031 | M19: 82.269 | N19: 5894.796
A20: 41639 | B20: 4527.733 | C20: 8198.551 | D20: 4790.862 | E20: 3437.942 | F20: 11.55 | G20: 20966.639 | I20: 2297.331 | J20: 1213.378 | K20: 1246.954 | L20: 245.368 | M20: 39.518 | N20: 5042.549
A21: in Millions of Swiss Francs
A22: M (missing values)
A23: Sources: Swiss National Bank, Banks in Switzerland 2014, Table 36, Fiduciary transactions, domestic and foreign, by currency

Sheet F.5 Correlations
A1: F.5: Correlations of GDP and Stockmarket with Change in Top 1% Income Share
A2: Year | B2: Top 1% | C2: Change in top 1% | D2: Stock Index | E2: Change in Stock Index | F2: Swiss Stock Market Index (Bankverein) until 1987 | G2: GDP Change yoy | H2: GDP Change 2y before 1995
A3: 1981 | B3: 8.4 | D3: =F3/292.3*1000 -> 525.00285 | F3: 153.45833 | G3: 1.6013459
A4: 1982 | B4: - | D4: =F4/292.3*1000 -> 506.55719 | F4: 148.06667 | G4: -1.30942 | J4: Correlation GDP/Top Income Changes
A5: 1983 | B5: 8.39 | C5: =B5-B3 -> -0.01 | D5: =F5/292.3*1000 -> 598.72848 | E5: =D5/D3-1 -> 0.140429 | F5: 175.00833 | G5: 0.63906297 | H5: =(1+G4/100)*(1+G5/100)-1 -> -0.00678725 | J5: 1983-2010 | K5: 1995-2010
A6: 1984 | B6: - | D6: =F6/292.3*1000 -> 641.17915 | F6: 187.41667 | G6: 3.0084571 | J6: =CORREL(C5:C32,H5:H32) -> 0.42858408 | K6: =CORREL(C17:C32,H17:H32) -> 0.50581164
A7: 1985 | B7: 9.05 | C7: =B7-B5 -> 0.66 | D7: =F7/292.3*1000 -> 822.1576 | E7: =D7/D5-1 -> 0.37317271 | F7: 240.31667 | G7: 3.6736187 | H7: =(1+G6/100)*(1+G7/100)-1 -> 0.06792595
A8: 1986 | B8: - | D8: =F8/292.3*1000 -> 1024.2331 | F8: 299.38333 | G8: 1.8586249 | J8: Correlation Stock Market/Top Income Changes
A9: 1987 | B9: 9.07 | C9: =B9-B7 -> 0.02 | D9: =F9/292.3*1000 -> 1004.1481 | E9: =D9/D7-1 -> 0.22135724 | F9: 293.5125 | G9: 1.5854668 | H9: =(1+G8/100)*(1+G9/100)-1 -> 0.034735595 | J9: 1983-2010 | K9: 1995-2010
A10: 1988 | B10: - | D10: 942.5 | G10: 3.2776045 | J10: =CORREL(C5:C32,E5:E32) -> 0.22567314 | K10: =CORREL(C17:C32,E17:E32) -> 0.28966749
A11: 1989 | B11: 9.22 | C11: =B11-B9 -> 0.15 | D11: 1137.9 | E11: =D11/D9-1 -> 0.13319934 | G11: 4.3307863 | H11: =(1+G10/100)*(1+G11/100)-1 -> 0.077503368
A12: 1990 | B12: - | D12: 908.3 | G12: 3.6746244
A13: 1991 | B13: 8.6 | C13: =B13-B11 -> -0.62 | D13: 1052.8 | E13: =D13/D11-1 -> -0.074786888 | G13: -0.91580554 | H13: =(1+G12/100)*(1+G13/100)-1 -> 0.027251665
A14: 1992 | B14: - | D14: 1238.6 | G14: -0.043737004
A15: 1993 | B15: 8.42 | C15: =B15-B13 -> -0.18 | D15: 1867.8 | E15: =D15/D13-1 -> 0.77412614 | G15: -0.12598002 | H15: =(1+G14/100)*(1+G15/100)-1 -> -0.0016966192
A16: 1994 | B16: - | D16: 1725.5 | G16: 1.269755
A17: 1995 | B17: 8.48 | C17: =B17-B15 -> 0.06 | D17: 2123.4 | E17: =D17/D15-1 -> 0.13684549 | G17: 0.48087208 | H17: =G17/100 -> 0.0048087208
A18: 1996 | B18: 8.85 | C18: =B18-B17 -> 0.37 | D18: 2511.9 | E18: =D18/D17-1 -> 0.18296129 | G18: 0.6010826 | H18: =G18/100 -> 0.006010826
A19: 1997 | B19: 8.86 | C19: =B19-B18 -> 0.01 | D19: 3898.2 | E19: =D19/D18-1 -> 0.55189299 | G19: 2.3120455 | H19: =G19/100 -> 0.023120455
A20: 1998 | B20: 9.1 | C20: =B20-B19 -> 0.24 | D20: 4497.1 | E20: =D20/D19-1 -> 0.15363501 | G20: 2.9447852 | H20: =G20/100 -> 0.029447852
A21: 1999 | B21: 10.25 | C21: =B21-B20 -> 1.15 | D21: 5022.9 | E21: =D21/D20-1 -> 0.11691979 | G21: 1.6433672 | H21: =G21/100 -> 0.016433672
A22: 2000 | B22: 10.42 | C22: =B22-B21 -> 0.17 | D22: 5621.1 | E22: =D22/D21-1 -> 0.11909455 | G22: 3.946099 | H22: =G22/100 -> 0.03946099
A23: 2001 | B23: 10.06 | C23: =B23-B22 -> -0.36 | D23: 4682.9 | E23: =D23/D22-1 -> -0.16690683 | G23: 1.4465992 | H23: =G23/100 -> 0.014465992
A24: 2002 | B24: 9.33 | C24: =B24-B23 -> -0.73 | D24: 3245.5 | E24: =D24/D23-1 -> -0.30694655 | G24: 0.14340052 | H24: =G24/100 -> 0.0014340052
A25: 2003 | B25: 9.38 | C25: =B25-B24 -> 0.05 | D25: 3961.6 | E25: =D25/D24-1 -> 0.22064397 | G25: 0.049702558 | H25: =G25/100 -> 0.00049702558
A26: 2004 | B26: 9.64 | C26: =B26-B25 -> 0.26 | D26: 4234.6 | E26: =D26/D25-1 -> 0.068911551 | G26: 2.8429563 | H26: =G26/100 -> 0.028429563
A27: 2005 | B27: 9.84 | C27: =B27-B26 -> 0.2 | D27: 5742.41 | E27: =D27/D26-1 -> 0.35606905 | G27: 3.0382957 | H27: =G27/100 -> 0.030382957
A28: 2006 | B28: 10.3 | C28: =B28-B27 -> 0.46 | D28: 6929.18 | E28: =D28/D27-1 -> 0.20666758 | G28: 4.012782 | H28: =G28/100 -> 0.04012782
A29: 2007 | B29: 10.91 | C29: =B29-B28 -> 0.61 | D29: 6925.44 | E29: =D29/D28-1 -> -0.00053974641 | G29: 4.1403544 | H29: =G29/100 -> 0.041403544
... A32: 2010 | B32: 10.63 | C32: =B32-B31 -> 0.09 | D32: 5790.62 | E32: =D32/D31-1 -> 0.029187402 | G32: 2.9538066 | H32: =G32/100 -> 0.029538066
A34: Sources:
A35: Monthly Statistical Bulletin, Swiss National Bank | F35: http://www.snb.ch/en/iabout/stat/statpub/statmon/stats/statmon
A36: Swiss Stock Index: 1981-1987, Swiss Stock Market Index, Statistical Yearbook of Switzerland, www.bfs.ch; 1988-, SPI, Series F7, Monthly Statistical Bulletin, SNB
A37: Real GDP Change yoy: Development Indicators, World Bank

Sheet F.6 Special cases
A1: F.6: Share of Expenditure-based Tax Units and Special Cases
B2: All taxpayers | E2: below top 10% | H2: top 10%-top5% | K2: top 5%-top1% | N2: top 1%-top0.5% | Q2: top 0.5%-top0.1% | T2: top 0.1%-top0.01% | W2: above top 0.01% | Z2: above top 0.1% | AC2: Total no. of special taxpayers
A3: year | B3: exp | C3: spec | D3: total | E3: exp | F3: spec | G3: total | H3: exp | I3: spec | J3: total | K3: exp | L3: spec | M3: total | N3: exp | O3: spec | P3: total | Q3: exp | R3: spec | S3: total | T3: exp | U3: spec | V3: total | W3: exp | X3: spec | Y3: total | Z3: exp | AA3: spec | AB3: total | AC3: exp | AD3: spec | AE3: total
A4: 1971 | B4: 0.16241819 | C4: 1.52804 | D4: 1.6904581 | E4: 0.050598997 | F4: 1.3155357 | G4: 1.3661346 | H4: 0.78952807 | I4: 2.778505 | J4: 3.5680331 | K4: 1.4381674 | L4: 3.6531175 | M4: 5.0912849 | N4: 1.7568033 | O4: 5.2910782 | P4: 7.0478815 | Q4: 2.1443334 | R4: 5.6407165 | S4: 7.7850499 | T4: 2.3730241 | U4: 9.3772726 | V4: 11.750297 | W4: 3.7891836 | X4: 15.501206 | Y4: 19.290389 | Z4: 2.51464 | AA4: 9.9896659 | AB4: 12.504306 | AC4: 4715 | AD4: 44359 | AE4: 49074
A5: 1973 | B5: 0.15013532 | C5: 1.8685724 | D5: 2.0187077 | E5: 0.071342655 | F5: 1.7019245 | G5: 1.7732672 | H5: 0.55751015 | I5: 2.6623816 | J5: 3.2198917 | K5: 1.0284168 | L5: 3.4523004 | M5: 4.4807172 | N5: 1.4952639 | O5: 5.744249 | P5: 7.2395129 | Q5: 1.691475 | R5: 6.5713802 | S5: 8.2628552 | T5: 2.5184183 | U5: 10.224026 | V5: 12.742445 | W5: 4.0595399 | X5: 14.20839 | Y5: 18.26793 | Z5: 2.6725304 | AA5: 10.622463 | AB5: 13.294993 | AC5: 4438 | AD5: 55235 | AE5: 59673
A6: 1975 | B6: 0.13932846 | C6: 2.159242 | D6: 2.2985705 | E6: 0.064346927 | F6: 2.0015884 | G6: 2.0659353 | H6: 0.45212766 | I6: 2.4275266 | J6: 2.8796543 | K6: 0.99152261 | L6: 3.9502992 | M6: 4.9418218 | N6: 1.7619681 | O6: 6.9348404 | P6: 8.6968085 | Q6: 1.853391 | R6: 7.9205452 | S6: 9.7739362 | T6: 2.7703901 | U6: 11.303191 | V6: 14.073582 | W6: 4.3218085 | X6: 18.949468 | Y6: 23.271277 | Z6: 2.9255319 | AA6: 12.067819 | AB6: 14.993351 | AC6: 4191 | AD6: 64950 | AE6: 69141
A7: 1977 | B7: 0.12698465 | C7: 2.3015028 | D7: 2.4284874 | E7: 0.057679045 | F7: 2.1604777 | G7: 2.2181567 | H7: 0.41881738 | I7: 2.4077099 | J7: 2.8265273 | K7: 0.89431558 | L7: 3.9235544 | M7: 4.81787 | N7: 1.6595884 | O7: 6.9127736 | P7: 8.572362 | Q7: 1.8294675 | R7: 8.1999347 | S7: 10.029402 | T7: 2.7224219 | U7: 11.651966 | V7: 14.374387 | W7: 2.9402156 | X7: 18.948056 | Y7: 21.888272 | Z7: 2.7442012 | AA7: 12.381575 | AB7: 15.125776 | AC7: 3887 | AD7: 70449 | AE7: 74336
A8: 1979 | B8: 0.1290623 | C8: 2.6246307 | D8: 2.753693 | E8: 0.062227931 | F8: 2.4906872 | G8: 2.5529152 | H8: 0.35003211 | I8: 2.4315992 | J8: 2.7816313 | K8: 0.96098266 | L8: 4.4179512 | M8: 5.3789338 | N8: 1.3872832 | O8: 7.2318561 | P8: 8.6191394 | Q8: 1.8224149 | R8: 8.6303789 | S8: 10.452794 | T8: 2.9615357 | U8: 13.202027 | V8: 16.163562 | W8: 2.2479127 | X8: 21.515735 | Y8: 23.763648 | Z8: 2.8901734 | AA8: 14.033398 | AB8: 16.923571 | AC8: 4019 | AD8: 81731 | AE8: 85750
A9: 1981 | B9: 0.12729693 | C9: 2.9721217 | D9: 3.0994187 | E9: 0.056884656 | F9: 2.8504327 | G9: 2.9073173 | H9: 0.43441103 | I9: 2.561701 | J9: 2.9961121 | K9: 0.89451473 | L9: 4.6506885 | M9: 5.5452032 | N9: 1.5573226 | O9: 7.5659395 | P9: 9.1232621 | Q9: 1.9939403 | R9: 9.9697016 | S9: 11.963642 | T9: 2.8722548 | U9: 13.730779 | V9: 16.603034 | W9: 2.5219798 | X9: 25.535046 | Y9: 28.057026 | Z9: 2.8372273 | AA9: 14.911206 | AB9: 17.748433 | AC9: 4038 | AD9: 94279 | AE9: 98317
A10: 1983 | B10: 0.12004126 | C10: 2.8951577 | D10: 3.015199 | E10: 0.053310872 | F10: 2.8024247 | G10: 2.8557356 | H10: 0.26805033 | I10: 2.3194309 | J10: 2.5874813 | K10: 1.0235483 | L10: 4.2418353 | M10: 5.2653836 | N10: 1.5483272 | O10: 6.8420152 | P10: 8.3903425 | Q10: 1.797712 | R10: 9.6540957 | S10: 11.451808 | T10: 2.787941 | U10: 13.259719 | V10: 16.04766 | W10: 2.7539417 | X10: 25.703456 | Y10: 28.457398 | Z10: 2.7845411 | AA10: 14.504093 | AB10: 17.288634 | AC10: 3923 | AD10: 94615 | AE10: 98538
A11: 1987 | B11: 0.073600505 | C11: 2.0587311 | D11: 2.1323316 | E11: 0.029059599 | F11: 2.0076197 | G11: 2.0366793 | H11: 0.16143507 | I11: 1.4772177 | J11: 1.6386528 | K11: 0.6704763 | L11: 2.7809939 | M11: 3.4514702 | N11: 0.83899947 | O11: 5.3001622 | P11: 6.1391617 | Q11: 1.5478094 | R11: 7.1604265 | S11: 8.7082359 | T11: 2.0573167 | U11: 11.347388 | V11: 13.404704 | W11: 3.1824118 | X11: 14.176198 | Y11: 17.35861 | Z11: 2.1698262 | AA11: 11.630269 | AB11: 13.800095 | AC11: 2544 | AD11: 71160 | AE11: 73704
A12: 1989 | B12: 0.082370393 | C12: 2.3142467 | D12: 2.3966171 | E12: 0.035881399 | F12: 2.1404634 | G12: 2.1763448 | H12: 0.17275764 | I12: 2.2644801 | J12: 2.4372377 | K12: 0.69441798 | L12: 4.5313596 | M12: 5.2257776 | N12: 1.1404263 | O12: 7.4918102 | P12: 8.6322365 | Q12: 1.439647 | R12: 9.6682178 | S12: 11.107865 | T12: 2.2582699 | U12: 16.184267 | V12: 18.442537 | W12: 1.6937024 | X12: 26.534671 | Y12: 28.228373 | Z12: 2.2018131 | AA12: 17.219308 | AB12: 19.421121 | AC12: 2918 | AD12: 81983 | AE12: 84901
A13: 1991 | B13: 0.074894571 | C13: 2.4161592 | D13: 2.4910538 | E13: 0.030665014 | F13: 2.2112035 | G13: 2.2418686 | H13: 0.24251576 | I13: 2.6764522 | J13: 2.9189679 | K13: 0.55828005 | L13: 4.679539 | M13: 5.2378191 | N13: 1.1906316 | O13: 9.4921325 | P13: 10.682764 | Q13: 1.2619598 | R13: 10.171122 | S13: 11.433082 | T13: 1.7984451 | U13: 15.302025 | V13: 17.10047 | W13: 2.1947127 | X13: 31.548995 | Y13: 33.743708 | Z13: 1.8380719 | AA13: 16.926722 | AB13: 18.764794 | AC13: 2730 | AD13: 88072 | AE13: 90802
A14: 1993 | B14: 0.075042948 | C14: 2.8568093 | D14: 2.9318522 | E14: 0.027264376 | F14: 2.6835037 | G14: 2.7107681 | H14: 0.21302166 | I14: 2.8345364 | J14: 3.047558 | K14: 0.63030144 | L14: 4.7687191 | M14: 5.3990206 | N14: 1.2673441 | O14: 8.9954465 | P14: 10.262791 | Q14: 1.4830622 | R14: 11.291496 | S14: 12.774559 | T14: 2.2770248 | U14: 17.497138 | V14: 19.774163 | W14: 3.2357721 | X14: 32.897016 | Y14: 36.132789 | Z14: 2.3728995 | AA14: 19.037126 | AB14: 21.410025 | AC14: 2783 | AD14: 105946 | AE14: 108729
A15: 1995 | B15: 0.079885908 | C15: 3.6122892 | D15: 3.6921751 | E15: 0.0280161 | F15: 3.4401695 | G15: 3.4681856 | H15: 0.17023116 | I15: 2.8779205 | J15: 3.0481517 | K15: 0.74509485 | L15: 6.0988381 | M15: 6.843933 | N15: 1.1419896 | O15: 10.400644 | P15: 11.542633 | Q15: 1.987809 | R15: 13.807935 | S15: 15.795744 | T15: 2.5199667 | U15: 19.803973 | V15: 22.32394 | W15: 4.26912 | X15: 32.28522 | Y15: 36.55434 | Z15: 2.694882 | AA15: 21.052098 | AB15: 23.74698 | AC15: 2994 | AD15: 135383 | AE15: 138377
A16: … | B16: … | C16: … | D16: … | E16: … | F16: … | G16: … | H16: … | I16: … | J16: … | K16: … | L16: … | M16: … | N16: … | O16: … | P16: … | Q16: … | R16: … | S16: … | T16: … | U16: … | V16: … | W16: … | X16: … | Y16: … | Z16: … | AA16: … | AB16: … | AC16: … | AD16: … | AE16: …
A17: 2001 | B17: 0.02481426 | C17: 5.2750471 | D17: 5.2998614 | E17: 0.0033683286 | F17: 5.2388648 | G17: 5.2422331 | H17: 0.038627124 | I17: 3.7399857 | J17: 3.7786128 | K17: 0.2536433 | L17: 6.4773775 | M17: 6.7310208 | N17: 0.6845313 | O17: 9.5981068 | P17: 10.282638 | Q17: 1.2040417 | R17: 13.05499 | S17: 14.259032 | T17: 1.4668528 | U17: 13.527642 | V17: 14.994495 | W17: 1.4668528 | X17: 15.890905 | Y17: 17.357758 | Z17: 1.4668528 | AA17: 13.763969 | AB17: 15.230822 | AC17: 1015 | AD17: 215770 | AE17: 216785
A18: 2002 | B18: 0.020553207 | C18: 5.8720586 | D18: 5.8926118 | E18: 0.0028713842 | F18: 5.8964278 | G18: 5.8992992 | H18: 0.032363452 | I18: 3.7763801 | J18: 3.8087436 | K18: 0.16604383 | L18: 6.4986537 | M18: 6.6646975 | N18: 0.70040307 | O18: 9.9457236 | P18: 10.646127 | Q18: 1.2196674 | R18: 12.872925 | S18: 14.092593 | T18: 1.2075915 | U18: 14.464263 | V18: 15.671854 | W18: 2.415183 | X18: 22.70272 | Y18: 25.117903 | Z18: 1.3283506 | AA18: 15.288108 | AB18: 16.616459 | AC18: 851 | AD18: 243131 | AE18: 243982
A19: 2003 | B19: 0.057164866 | C19: 6.7964585 | D19: 6.8536233 | E19: 0.0092595091 | F19: 6.785363 | G19: 6.7946225 | H19: 0.1260779 | I19: 4.6414815 | J19: 4.7675594 | K19: 0.60352631 | L19: 7.8285302 | M19: 8.4320565 | N19: 1.394498 | O19: 13.180871 | P19: 14.575369 | Q19: 2.2565079 | R19: 15.491106 | S19: 17.747614 | T19: 2.1755867 | U19: 15.680143 | V19: 17.85573 | W19: 4.2981102 | X19: 24.355958 | Y19: 28.654068 | Z19: 2.387839 | AA19: 16.547724 | AB19: 18.935563 | AC19: 2394 | AD19: 284628 | AE19: 287022
A20: 2004 | B20: 0.080752349 | C20: 6.7363218 | D20: 6.8170741 | E20: 0.012634347 | F20: 6.6675013 | G20: 6.6801356 | H20: 0.21562269 | I20: 5.1183259 | J20: 5.3339486 | K20: 0.85989574 | L20: 8.3264801 | M20: 9.1863759 | N20: 2.0005256 | O20: 13.395029 | P20: 15.395554 | Q20: 2.8899102 | R20: 15.747062 | S20: 18.636972 | T20: 2.5163844 | U20: 13.289655 | V20: 15.80604 | W20: 3.7745766 | X20: 46.710386 | Y20: 50.484962 | Z20: 2.6422036 | AA20: 16.631728 | AB20: 19.273932 | AC20: 3423 | AD20: 285545 | AE20: 288968
A21: 2005 | B21: 0.088424194 | C21: 6.9921554 | D21: 7.0805795 | E21: 0.013547135 | F21: 6.8757277 | G21: 6.8892748 | H21: 0.20095348 | I21: 5.7110886 | J21: 5.9120421 | K21: 0.98844867 | L21: 9.0388269 | M21: 10.027276 | N21: 2.1867096 | O21: 14.285881 | P21: 16.47259 | Q21: 3.3103706 | R21: 17.192946 | S21: 20.503316 | T21: 2.5384688 | U21: 15.826576 | V21: 18.365045 | W21: 1.8649975 | X21: 24.478092 | Y21: 26.34309 | Z21: 2.4711217 | AA21: 16.691728 | AB21: 19.162849 | AC21: 3793 | AD21: 299932 | AE21: 303725
A22: 2006 | B22: 0.096278024 | C22: 7.0908558 | D22: 7.1871338 | E22: 0.014745559 | F22: 6.9131117 | G22: 6.9278573 | H22: 0.20884005 | I22: 6.0678615 | J22: 6.2767016 | K22: 1.0919253 | L22: 9.7939774 | M22: 10.885903 | N22: 2.9026007 | O22: 15.506604 | P22: 18.409205 | Q22: 3.0187508 | R22: 19.044005 | S22: 22.062756 | T22: 2.274445 | U22: 18.911116 | V22: 21.185561 | W22: 2.5300006 | X22: 31.740008 | Y22: 34.270009 | Z22: 2.3000006 | AA22: 20.194005 | AB22: 22.494006 | AC22: 4186 | AD22: 308298 | AE22: 312484
A23: 2007 | B23: 0.10227547 | C23: 7.7035927 | D23: 7.8058681 | E23: 0.013175948 | F23: 7.5231901 | G23: 7.5363661 | H23: 0.27466204 | I23: 6.5787884 | J23: 6.8534504 | K23: 1.1897881 | L23: 10.421798 | M23: 11.611586 | N23: 2.6969283 | O23: 14.925714 | P23: 17.622642 | Q23: 3.4558629 | R23: 21.395857 | S23: 24.85172 | T23: 1.8320842 | U23: 25.071946 | V23: 26.90403 | W23: 1.3552403 | X23: 41.33483 | Y23: 42.690071 | Z23: 1.7843998 | AA23: 26.698235 | AB23: 28.482635 | AC23: 4528 | AD23: 341058 | AE23: 345586
A24: 2008 | B24: 0.11248651 | C24: 7.5166065 | D24: 7.629093 | E24: 0.015773615 | F24: 7.2722506 | G24: 7.2880242 | H24: 0.28480957 | I24: 6.8831927 | J24: 7.1680023 | K24: 1.3295167 | L24: 10.662116 | M24: 11.991633 | N24: 2.9055883 | O24: 16.664013 | P24: 19.569601 | Q24: 3.6264572 | R24: 22.311557 | S24: 25.938014 | T24: 1.8672815 | U24: 27.026443 | V24: 28.893724 | W24: 1.5478781 | X24: 40.465956 | Y24: 42.013834 | Z24: 1.8353412 | AA24: 28.370394 | AB24: 30.205735 | AC24: 5087 | AD24: 339925 | AE24: 345012
A25: 2009 | B25: 0.11840327 | C25: 7.7623499 | D25: 7.8807532 | E25: 0.017562162 | F25: 7.4587975 | G25: 7.4763596 | H25: 0.25567802 | I25: 7.2159468 | J25: 7.4716248 | K25: 1.3376352 | L25: 11.687051 | M25: 13.024686 | N25: 3.1046617 | O25: 17.640914 | P25: 20.745575 | Q25: 4.5276316 | R25: 25.524319 | S25: 30.051951 | T25: 2.6331164 | U25: 29.544049 | V25: 32.177166 | W25: 3.0437859 | X25: 42.613003 | Y25: 45.656789 | Z25: 2.6741834 | AA25: 30.850945 | AB25: 33.525128 | AC25: 5446 | AD25: 357032 | AE25: 362478
A26: 2010 | B26: 0.1189767 | C26: 7.8069949 | D26: 7.9259716 | E26: 0.015888296 | F26: 7.5323129 | G26: 7.5482012 | H26: 0.2316171 | I26: 7.0611107 | J26: 7.2927278 | K26: 1.3796416 | L26: 11.388733 | M26: 12.768375 | N26: 3.2537708 | O26: 17.566081 | P26: 20.819852 | Q26: 4.6558891 | R26: 25.082934 | S26: 29.738823 | T26: 2.9731093 | U26: 29.850017 | V26: 32.823126 | W26: 3.4250219 | X26: 42.812774 | Y26: 46.237795 | Z26: 3.0183005 | AA26: 31.146293 | AB26: 34.164593 | AC26: 5558 | AD26: 364704 | AE26: 370262
A28: Note: Share of special tax units in the whole population and among different income groups
A29: Years 2001 and 2002 underestimate the number and share of special cases, as in these years data from the cantons VD, VS, and TI are missing in the underlying federal income tax data
A30: exp: Expenditure-based tax units
A31: spec: Tax units with taxable income below rate-determining income due to, e.g., international income allocation
A32: Source: Individual federal income tax data, ESTV Bern.

Sheet F.7 OLS Regression results
A1: F.7: Estimation of Swiss Top Income Shares Using OLS Regressions
A2: Dependent: Top shares in Switzerland
C3: ="Top 10% Shares" -> Top 10% Shares | G3: ="Top 5% Shares" -> Top 5% Shares | K3: ="Top 1% Shares" -> Top 1% Shares | O3: ="Top 0.5% Shares" -> Top 0.5% Shares | S3: ="Top 0.1% Shares" -> Top 0.1% Shares | W3: ="Top 0.01% Shares" -> Top 0.01% Shares
A4: Top shares in available cantons | C4: ="Model I" -> Model I | D4: ="Model II" -> Model II | E4: ="Model III" -> Model III | G4: ="Model I" -> Model I | H4: ="Model II" -> Model II | I4: ="Model III" -> Model III | K4: ="Model I" -> Model I | L4: ="Model II" -> Model II | M4: ="Model III" -> Model III | O4: ="Model I" -> Model I | P4: ="Model II" -> Model II | Q4: ="Model III" -> Model III | S4: ="Model I" -> Model I | T4: ="Model II" -> Model II | U4: ="Model III" -> Model III | W4: ="Model I" -> Model I | X4: ="Model II" -> Model II | Y4: ="Model III" -> Model III
A6: ="Basel City (BS)" -> Basel City (BS) | C6: ="0.573***" -> 0.573*** | D6: ="0.00559" -> 0.00559 | E6: ="-0.0121" -> -0.0121 | G6: ="0.574***" -> 0.574*** | H6: ="0.0319" -> 0.0319 | I6: ="-0.00846" -> -0.00846 | K6: ="0.522***" -> 0.522*** | L6: ="0.135" -> 0.135 | M6: ="0.00117" -> 0.00117 | O6: ="0.486***" -> 0.486*** | P6: ="0.165" -> 0.165 | Q6: ="0.00959" -> 0.00959 | S6: ="0.406***" -> 0.406*** | T6: ="0.199*" -> 0.199* | U6: ="0.0255" -> 0.0255 | W6: ="0.346***" -> 0.346*** | X6: ="0.163*" -> 0.163* | Y6: ="0.0337**" -> 0.0337**
A7: ="" | C7: ="(0.0779)" -> (0.0779) | D7: ="(0.0544)" -> (0.0544) | E7: ="(0.0456)" -> (0.0456) | G7: ="(0.0724)" -> (0.0724) | H7: ="(0.0654)" -> (0.0654) | I7: ="(0.0423)" -> (0.0423) | K7: ="(0.0565)" -> (0.0565) | L7: ="(0.0801)" -> (0.0801) | M7: ="(0.0335)" -> (0.0335) | O7: ="(0.0512)" -> (0.0512) | P7: ="(0.0766)" -> (0.0766) | Q7: ="(0.0272)" -> (0.0272) | S7: ="(0.0426)" -> (0.0426) | T7: ="(0.0650)" -> (0.0650) | U7: ="(0.0163)" -> (0.0163) | W7: ="(0.0396)" -> (0.0396) | X7: ="(0.0697)" -> (0.0697) | Y7: ="(0.00877)" -> (0.00877)
A9: ="Zurich and Thurgau (ZH TG)" -> Zurich and Thurgau (ZH TG) | C9: ="" | D9: ="0.893***" -> 0.893*** | E9: ="0.509*" -> 0.509* | G9: ="" | H9: ="0.891***" -> 0.891*** | I9: ="0.413*" -> 0.413* | K9: ="" | L9: ="0.774***" -> 0.774*** | M9: ="0.363**" -> 0.363** | O9: ="" | P9: ="0.723**" -> 0.723** | Q9: ="0.344***" -> 0.344*** | S9: ="" | T9: ="0.608**" -> 0.608** | U9: ="0.302***" -> 0.302*** | W9: ="" | X9: ="0.589*" -> 0.589* | Y9: ="0.286***" -> 0.286***
A10: ="" | C10: ="" | D10: ="(0.0790)" -> (0.0790) | E10: ="(0.180)" -> (0.180) | G10: ="" | H10: ="(0.0999)" -> (0.0999) | I10: ="(0.139)" -> (0.139) | K10: ="" | L10: ="(0.149)" -> (0.149) | M10: ="(0.0751)" -> (0.0751) | O10: ="" | P10: ="(0.159)" -> (0.159) | Q10: ="(0.0601)" -> (0.0601) | S10: ="" | T10: ="(0.171)" -> (0.171) | U10: ="(0.0372)" -> (0.0372) | W10: ="" | X10: ="(0.204)" -> (0.204) | Y10: ="(0.0243)" -> (0.0243)
A12: ="Twenty Cantons" -> Twenty Cantons | C12: ="" | D12: ="" | E12: ="0.476" -> 0.476 | G12: ="" | H12: ="" | I12: ="0.597**" -> 0.597** | K12: ="" | L12: ="" | M12: ="0.623***" -> 0.623*** | O12: ="" | P12: ="" | Q12: ="0.617***" -> 0.617*** | S12: ="" | T12: ="" | U12: ="0.603***" -> 0.603*** | W12: ="" | X12: ="" | Y12: ="0.608***" -> 0.608***
A13: ="" | C13: ="" | D13: ="" | E13: ="(0.208)" -> (0.208) | G13: ="" | H13: ="" | I13: ="(0.154)" -> (0.154) | K13: ="" | L13: ="" | M13: ="(0.0795)" -> (0.0795) | O13: ="" | P13: ="" | Q13: ="(0.0622)" -> (0.0622) | S13: ="" | T13: ="" | U13: ="(0.0380)" -> (0.0380) | W13: ="" | X13: ="" | Y13: ="(0.0218)" -> (0.0218)
A15: ="Constant" -> Constant | C15: ="0.123***" -> 0.123*** | D15: ="0.0258*" -> 0.0258* | E15: ="0.00922" -> 0.00922 | G15: ="0.0804***" -> 0.0804*** | H15: ="0.00986" -> 0.00986 | I15: ="0.000815" -> 0.000815 | K15: ="0.0375***" -> 0.0375*** | L15: ="0.00392" -> 0.00392 | M15: ="0.00135" -> 0.00135 | O15: ="0.0284***" -> 0.0284*** | P15: ="0.00392" -> 0.00392 | Q15: ="0.00181" -> 0.00181 | S15: ="0.0158***" -> 0.0158*** | T15: ="0.00493" -> 0.00493 | U15: ="0.00189*" -> 0.00189* | W15: ="0.00676***" -> 0.00676*** | X15: ="0.00343*" -> 0.00343* | Y15: ="0.000565*" -> 0.000565*
A16: ="" | C16: ="(0.0257)" -> (0.0257) | D16: ="(0.0110)" -> (0.0110) | E16: ="(0.0116)" -> (0.0116) | G16: ="(0.0167)" -> (0.0167) | H16: ="(0.00968)" -> (0.00968) | I16: ="(0.00650)" -> (0.00650) | K16: ="(0.00618)" -> (0.00618) | L16: ="(0.00724)" -> (0.00724) | M16: ="(0.00263)" -> (0.00263) | O16: ="(0.00422)" -> (0.00422) | P16: ="(0.00592)" -> (0.00592) | Q16: ="(0.00174)" -> (0.00174) | S16: ="(0.00193)" -> (0.00193) | T16: ="(0.00333)" -> (0.00333) | U16: ="(0.000648)" -> (0.000648) | W16: ="(0.000792)" -> (0.000792) | X16: ="(0.00130)" -> (0.00130) | Y16: ="(0.000172)" -> (0.000172)
A18: ="Observations" -> Observations | C18: ="12" -> 12 | D18: ="12" -> 12 | E18: ="12" -> 12 | G18: ="12" -> 12 | H18: ="12" -> 12 | I18: ="12" -> 12 | K18: ="12" -> 12 | L18: ="12" -> 12 | M18: ="12" -> 12 | O18: ="12" -> 12 | P18: ="12" -> 12 | Q18: ="12" -> 12 | S18: ="12" -> 12 | T18: ="12" -> 12 | U18: ="12" -> 12 | W18: ="12" -> 12 | X18: ="12" -> 12 | Y18: ="12" -> 12
A19: ="R-squared" -> R-squared | C19: ="0.844" -> 0.844 | D19: ="0.990" -> 0.990 | E19: ="0.994" -> 0.994 | G19: ="0.863" -> 0.863 | H19: ="0.986" -> 0.986 | I19: ="0.995" -> 0.995 | K19: ="0.895" -> 0.895 | L19: ="0.974" -> 0.974 | M19: ="0.997" -> 0.997 | O19: ="0.900" -> 0.900 | P19: ="0.970" -> 0.970 | Q19: ="0.998" -> 0.998 | S19: ="0.900" -> 0.900 | T19: ="0.959" -> 0.959 | U19: ="0.999" -> 0.999 | W19: ="0.884" -> 0.884 | X19: ="0.940" -> 0.940 | Y19: ="0.999" -> 0.999
A20: ="Standard errors in parentheses" -> Standard errors in parentheses
A21: * p<0.05, ** p<0.01, *** p<0.001
A24: Note:
A25: Model I is used to predict the top shares in years 1995, 1996, 1997, 1998
A26: Model II is used to predict the top shares in years 1999, 2000
A27: Model III is used to predict the top shares in years 2001, 2002
